Map: Abyssal Reef LE

Players

Civi

  • Race: Zerg Zerg
  • Spawn Location: 5:00

Zanster - Winner!

  • Race: Zerg Zerg
  • Spawn Location: 11:00

Event: WCS Jonkoping 2017

VOD

Have the link to the VOD?

Description

Time

  • Played on: June 17, 2017, 7:31 a.m.
  • Length: 3:24

All games in this series

Show
View Real Time Build Order
Export as new Build Order

Civi Zerg 

Build Orders: Hatch First 

Get SALT Encoding   

  12  0:01  Drone  
  13  0:14  Overlord  
  13  0:18  Drone  
  14  0:32  Drone x2  
  16  0:37  Drone  
  17  0:55  Hatchery  
  16  0:57  Drone  
  16  1:01  Drone  
  18  1:14  Spawning Pool  
  18  1:18  Drone  
  18  1:22  Drone  
  19  1:26  Extractor  
  19  1:30  Drone  
  19  1:40  Overlord  
  19  2:00  Queen  
  19  2:01  Zergling x2  
  22  2:03  Drone  
  22  2:06  Queen  
  22  2:07  Drone  
  26  2:12  Drone  
  27  2:18  Drone  
  28  2:24  Drone  
  28  2:29  Zergling x2  
  30  2:41  Zergling x4  
  32  2:45  Spine Crawler  
  32  2:46  Spine Crawler  
  28  2:51  Zergling x4  
Show
View Real Time Build Order
Export as new Build Order

Zanster Zerg - Winner!

Build Orders: Pool Only 

Get SALT Encoding   

  12  0:00  Drone  
  13  0:15  Extractor  
  12  0:24  Spawning Pool  
  12  0:28  Drone  
  12  0:33  Drone  
  13  0:39  Drone  
  14  0:50  Overlord  
  14  1:10  Queen  
  14  1:11  Zergling x2  
  17  1:17  Metabolic Boost  
  17  1:23  Zergling x2  
  18  1:28  Zergling x2  
  19  1:36  Baneling Nest  
  18  1:41  Zergling x2  
  18  1:45  Zergling x2  
  20  1:50  Zergling x2  
  21  2:00  Overlord  
  21  2:12  Zergling x2  
  22  2:19  Zergling x6  
  25  2:23  Zergling x2  
  26  2:32  Zergling x2  
  27  2:39  Baneling  
  27  2:46  Zergling x2  
  27  2:52  Baneling  
  27  2:57  Overlord  
  27  3:00  Zergling x2  
Tags
 
Add a new tag
Caveats
  • Supply blocks, unpowered buildings, or Contaminate may cause inaccurate times.
  • Supply counts are checked every 10 seconds.